 Dungeon Crawl Stone Soup version 0.28-a0-1227-ga9037bb4c8 (webtiles) character file.

Game seed: 1626255306279494518

570 SirFunk the Shield-Bearer (level 7, -11/55 HPs)
             Began as a Formicid Fighter on Dec 22, 2021.
             Was a Believer of Zin.
             Mangled by an ice beast (13 damage)
             ... on level 5 of the Dungeon.
             The game lasted 00:13:05 (4322 turns).

SirFunk the Shield-Bearer (Formicid Fighter)        Turns: 4322, Time: 00:13:06

Health: -11/55     AC:  8    Str: 22    XL:     7   Next: 60%
Magic:  0/7        EV:  9    Int:  8    God:    Zin [**....]
Gold:   99         SH:  5    Dex: 10    Spells: 6/6 levels left

rFire   . . .      SeeInvis +   a - +0 quarterstaff
rCold   . . .      Faith    .   c - +0 buckler
rNeg    . . .      Spirit   +   b - +0 scale mail
rPois   .          Reflect  .   (helmet unavailable)
rElec   .          Harm     .   (no cloak)
rCorr   .          Rampage  .   (no gloves)
Will    .....                   o - +0 pair of boots
Stlth   ..........              t - amulet of guardian spirit
HPRegen 0.18/turn               (no ring)
MPRegen 0.10/turn               (no ring)

@: on recite cooldown
A: permanent stasis, dig shafts and tunnels, antennae 3, four strong arms
a: Dig, Shaft Self, Renounce Religion, Recite, Vitalisation, Donate Gold


You were on level 5 of the Dungeon.
You worshipped Zin.
Zin was pleased with you.
You visited 1 branch of the dungeon, and saw 5 of its levels.

You collected 109 gold pieces.
You donated 10 gold pieces to Zin.

Inventory:

Hand Weapons
 a - a +0 quarterstaff (weapon)
Missiles
 f - 88 stones
Armour
 b - a +0 scale mail (worn)
 c - a +0 buckler (worn)
 o - a +0 pair of boots (worn)
Jewellery
 s - an amulet of magic regeneration
 t - an amulet of guardian spirit (around neck)
Scrolls
 i - a scroll of noise
 k - a scroll of fear {unknown}
 m - a scroll of magic mapping
 q - a scroll of summoning {unknown}
 r - a scroll of enchant armour {unknown}
Potions
 d - a potion of mutation
 e - 2 potions of lignification
 g - a potion of curing {unknown}
 j - 2 potions of flight
 n - 2 potions of brilliance {unknown}
 p - a potion of invisibility {unknown}


   Skills:
 + Level 4.9 Fighting
 * Level 5.1 Staves
 + Level 4.9 Armour
 + Level 5.4 Shields


You had 6 spell levels left.
You didn't know any spells.
Your spell library contained the following spells:

 Spells                   Type           Power      Damage    Failure   Level
 Static Discharge         Conj/Air       0%         N/A       85%         2
 Inner Flame              Hex/Fire       0%         N/A       97%         3
 Cause Fear               Hex            0%         N/A       100%        4
 Dispel Undead            Necr           0%         3d6       100%        4
 Sticky Flame             Conj/Fire      0%         2d3       100%        4
 Discord                  Hex            0%         N/A       100%        8


Dungeon Overview and Level Annotations

Branches:
Dungeon (5/15)
 Temple: D:4-7

Altars:
Uskayaw
Zin

Shops:
D:4 [


Innate Abilities, Weirdness & Mutations

You cannot be hasted, slowed, berserked, paralysed or teleported.
You can dig through walls and to a lower floor.
You have a pair of large antennae on your head. (SInv)
Your four strong arms can wield two-handed weapons with a shield.


Message History

You hit the ogre.
The ogre is lightly wounded. "...did Zin not decree that to be unfaithful was wrong?"
You finish reciting Apostates 23:21.
The ogre hits you with a +0 giant club!!
You thump the ogre!
The ogre is heavily wounded.
An ice beast comes into view.
The ogre is lost in a daze.
You barely miss the ogre.
The ogre is heavily wounded.
The ogre barely misses you.
You barely miss the ogre.
The ogre is heavily wounded.
You barely miss the ogre.
The ogre is heavily wounded.
The ogre hits you with a +0 giant club.
You barely miss the ogre.
The ogre is heavily wounded.
You are ready to recite again.
The ogre hits you with a +0 giant club!
* * * LOW HITPOINT WARNING * * *
Activating: Recite (9% risk of failure)
Press: ? - help, Dir - look around, f - activate You clear your throat and prepare to recite. "And so Zin bade the heretics to come before..."
The ogre closely misses you.
You hit the ogre.
The ogre is severely wounded. "...the altar, that judgement might be passed..."
The ogre hits you with a +0 giant club!
* * * LOW HITPOINT WARNING * * *
You hit the ogre.
The ogre is severely wounded. "...upon those who were not loyal."
You finish reciting Apostates 4:53.
The ice beast hits you.
* * * LOW HITPOINT WARNING * * *
The ice beast freezes you!
You die...

*,,,,***,,.....**#####
,,,,,,***......###...##
*,,,,,* *.............#
**,,,,* *....#...<<.###
**,,,,***#...#......#
****,,,**.#........## *
**,,,,.........## *
**,,*.##.....#######**
******,,***#...)@.......,****
,**,,,,***#....YO.......,,,,*
,,,,**** #...........≈..,,,,*
,*,,*** *#...........≈..,,,,*
,*,,,,***(..$......≈≈≈≈.,,,,*
+*,,,,**,......§§§§≈≈≈≈.,,,,*
,*,,,,,,,.....≈≈≈≈≈≈≈≈≈≈,,,,*
**,,,,,,*.......≈≈≈≈≈§§≈≈,,,*
,,,,,,,,,,,,,,,,≈≈≈≈≈≈≈≈≈≈≈≈*


You could see an ice beast and an ogre (dazed).

Vanquished Creatures
  2 ogres (D:4)
  A water moccasin skeleton (D:4)
  A centaur zombie (D:5)
  2 hounds (D:4)
  Jessica (D:2)
  An iguana (D:4)
  3 gnolls (D:3)
  8 adders
  An ufetubus (D:4)
  3 adder skeletons (D:4)
  A dart slug (D:1)
  7 orcs
  7 ball pythons
  8 bats
  10 endoplasms
  3 giant cockroaches
  5 goblins
  7 hobgoblins
  2 jackals (D:2)
  8 kobolds
  5 quokkas
  4 frilled lizards
  8 rats
98 creatures vanquished.

Vanquished Creatures (others)
  13 plants (D:3)
13 creatures vanquished.

Grand Total: 111 creatures vanquished

Notes
Turn   | Place    | Note
-------+----------+-------------------------------------------
     0 | D:1      | SirFunk the Formicid Fighter began the quest for the Orb.
     0 | D:1      | Reached XP level 1. HP: 18/18 MP: 1/1
    83 | D:1      | Found a faded altar of an unknown god.
    90 | D:1      | Reached XP level 2. HP: 22/24 MP: 2/2
    97 | D:1      | Prayed at the altar of an unknown god.
    97 | D:1      | Became a worshipper of Zin the Law-Giver
    97 | D:1      | Reached * piety under Zin
   300 | D:1      | Reached XP level 3. HP: 22/29 MP: 3/3
  1010 | D:2      | Noticed Jessica
  1019 | D:2      | Killed Jessica
  1020 | D:2      | Reached XP level 4. HP: 37/37 MP: 4/4
  1144 | D:2      | Reached ** piety under Zin
  1190 | D:2      | Found a hide-covered altar of Uskayaw.
  1273 | D:2      | Reached XP level 5. HP: 42/42 MP: 5/5
  2714 | D:3      | Reached XP level 6. HP: 13/48 MP: 6/6
  3062 | D:4      | Noticed an ogre
  3331 | D:4      | Killed an ogre
  3332 | D:4      | Reached skill level 5 in Shields
  3332 | D:4      | Reached XP level 7. HP: 55/55 MP: 7/7
  3872 | D:4      | Found Okikimmi's Armour Boutique.
  3936 | D:4      | Reached skill level 5 in Staves
  4179 | D:5      | Entered Level 5 of the Dungeon
  4322 | D:5      | HP: 2/55 [ice beast (3)]
  4322 | D:5      | Mangled by an ice beast

Illustrated notes

Levels and vault maps discovered:
D:1:      amcnicky_arrival_wind_blow, layout_rooms,
          shapermc_ecumenical_altar_mp_vishouse, minmay_tetromino_o4
D:2:      layout_basic, basic_altar, uniq_jessica
D:3:      wad_lake_hut, layout_basic
D:4:      layout_loops_ring, st_stairs_12, kennysheep_windowed_goal
D:5:      nicolae_cairo_tiling_large, layout_cave_pools, lemuel_old_faithful

Skill      XL: |  1  2  3  4  5  6  7 |
---------------+----------------------+-----
Shields        | 4 5 |  5.4
Staves         | 3 4 5 |  5.1
Fighting       | 4 |  4.9
Armour         | 4 |  4.9

Action                   |  1- 3 |  4- 6 |  7- 9 || total
-------------------------+-------+-------+-------++-------
Melee: Quarterstaff      |    76 |   167 |    67 ||   310
Invok: Recite            |       |     1 |     2 ||     3
 Abil: Dig               |       |     1 |     3 ||     4
  Use: Potion            |       |     1 |       ||     1
       Scroll            |       |       |     6 ||     6
Armor: Scale mail        |    35 |    74 |    32 ||   141
Dodge: Dodged            |    33 |    85 |    17 ||   135
Block: Buckler           |    14 |    31 |    15 ||    60

Table legend: (Time is in decaauts)
 A = Elapsed time spent in this place.
 B = Non-inter-level travel time spent in this place.
 C = Inter-level travel time spent in this place.
 D = Time resting spent in this place.
 E = Time spent auto-exploring this place.
 F = Levels seen in this place.
 G = Mean time per level.
                   A        B        C        D        E       F      G
               +--------+--------+--------+--------+--------+-----+--------+
         Total |   4400 |   4291 |    109 |    905 |   2356 |   5 |  880.0 |
       Dungeon |   4400 |   4291 |    109 |    905 |   2356 |   5 |  880.0 |
               +--------+--------+--------+--------+--------+-----+--------+

Top non-repeatable levels by time:
     D:4: 1279 daAuts
     D:2: 1090 daAuts
     D:3: 1022 daAuts
     D:1: 967 daAuts
     D:5: 41 daAuts
